 Dungeon Crawl Stone Soup version 0.23.2-30-g0e89c35649 (webtiles) character file.

Game seed: 8679634504692376978

45 troglodite the Charmwright (level 3, -1/22 HPs)
             Began as a Gargoyle Skald on June 24, 2019.
             Slain by a bullfrog zombie (3 damage)
             ... on level 2 of the Dungeon.
             The game lasted 00:02:26 (1359 turns).

troglodite the Charmwright (Gargoyle Skald)         Turns: 1359, Time: 00:02:26

Health: -1/22      AC:  6    Str: 14    XL:     3   Next: 64%
Magic:  6/6        EV: 12    Int: 14    God:
Gold:   61         SH:  0    Dex:  9    Spells: 2/6 levels left

rFire    . . .     SeeInvis .   a - +0 mace
rCold    . . .     Gourm    .   (no shield)
rNeg     + . .     Faith    .   b - +0 leather armour
rPois    ∞         Spirit   .   (no helmet)
rElec    +         Reflect  .   (no cloak)
rCorr    .         Harm     .   (no gloves)
MR       .....                  (no boots)
Stlth    +.........             (no amulet)
HPRegen  0.07/turn              (no ring)
MPRegen  0.10/turn              (no ring)

@: no status effects
A: negative energy resistance 1, electricity resistance, unbreathing,
petrification resistance, rot immunity, AC +3
a: no special abilities


You were on level 2 of the Dungeon.
You were hungry.

You visited 1 branch of the dungeon, and saw 2 of its levels.

You collected 61 gold pieces.

Inventory:

Hand Weapons
 a - a +0 mace (weapon)
Armour
 b - a +0 leather armour (worn)
Scrolls
 f - a scroll of identify {unknown}
 g - a scroll of enchant weapon {unknown}
Potions
 e - a potion of mutation {unknown}
Comestibles
 d - a ration


   Skills:
 * Level 2.6 Fighting
 + Level 2.3 Maces & Flails
 * Level 1.6 Armour
 + Level 2.0 Dodging
 * Level 2.2 Spellcasting
 * Level 3.0 Charms


You had 2 spell levels left.
You knew the following spells:

 Your Spells              Type           Power        Failure   Level  Hunger
a - Infusion              Chrm           ##..         9%          1    #......
b - Spectral Weapon       Hex/Chrm       #.......     41%         3    ###....

Your spell library contained the following spells:

 Spells                   Type           Power        Failure   Level  Hunger
 Song of Slaying          Chrm           ##......     12%         2    ###....
 Shroud of Golubria       Chrm/Tloc      #.........   22%         2    ###....
 Regeneration             Chrm/Necr      #.........   41%         3    ###....


Dungeon Overview and Level Annotations

Branches:
Dungeon (2/15)

Altars:


Innate Abilities, Weirdness & Mutations

You are resistant to torment.
Your stone body is resilient. (AC +3)
You are immune to poison.
You resist negative energy. (rN+)
You are resistant to electric shocks. (rElec)
You can survive without breathing.
You are immune to petrification.
You are immune to rotting.


Message History

The bullfrog zombie barely misses you. x2
You hit the bullfrog zombie.
The bullfrog zombie is severely damaged.
The bullfrog zombie closely misses you. The bullfrog zombie hits you.
* * * LOW HITPOINT WARNING * * *
You barely miss the bullfrog zombie.
The bullfrog zombie is severely damaged.
The bullfrog zombie misses you.
You hit the bullfrog zombie.
The bullfrog zombie is severely damaged.
The bullfrog zombie hits you.
* * * LOW HITPOINT WARNING * * *
The bullfrog zombie barely misses you.
You hit the bullfrog zombie.
The bullfrog zombie is severely damaged.
The bullfrog zombie hits you but does no damage. x2
You hit the bullfrog zombie but do no damage.
The bullfrog zombie is severely damaged.
The bullfrog zombie hits you.
You die...

#.. #.# #.#
####.###
#.<....## ####
#.......#
.....#..#.#..#
.....#..#....##
......Z@.#.....
.....#.......###
.....#.<.....#
#### #########


You could see a bullfrog zombie.

Vanquished Creatures
  A worm (D:2)
  3 dart slugs (D:1)
  3 bats (D:1)
  A giant cockroach (D:1)
  5 goblins (D:1)
  5 hobgoblins (D:1)
  4 jackals (D:1)
  6 kobolds (D:1)
  3 rats (D:1)
31 creatures vanquished.

Notes
Turn   | Place    | Note
-------+----------+-------------------------------------------
     0 | D:1      | troglodite the Gargoyle Skald began the quest for the Orb.
     0 | D:1      | Reached XP level 1. HP: 12/12 MP: 3/3
   165 | D:1      | Reached XP level 2. HP: 17/17 MP: 5/5
   190 | D:1      | Reached skill level 3 in Charms
   262 | D:1      | Reached XP level 3. HP: 3/22 MP: 0/6
   525 | D:1      | Learned a level 3 spell: Spectral Weapon
  1359 | D:2      | Slain by a bullfrog zombie

Skill      XL: |  1  2  3 |
---------------+----------+-----
Charms         | 3 |  3.0
Dodging        | 2 |  2.0
Fighting       | |  2.6
Maces & Flails | |  2.3
Armour         | |  1.6
Spellcasting   | |  2.2

Action                   || total
-------------------------++-------
Melee: Mace              ||   157
 Cast: Infusion          ||     1
  Eat: Chunk             ||     1
Armor: Leather armour    ||    69
Dodge: Dodged            ||   109
